 Dungeon Crawl Stone Soup version 0.29.0-15-g675c0067aa (webtiles) character file.

Game seed: 3099232194434673463

5929 qw the Cleaver (level 10, -4/87 (91) HPs)
             Began as a Minotaur Berserker on Sept 12, 2022.
             Was an Elder of Trog.
             Slain by a hornet (6 damage)
             ... on level 9 of the Dungeon.
             The game lasted 00:03:05 (10837 turns).

qw the Cleaver (Minotaur Berserker)                Turns: 10837, Time: 00:03:05

HP:   -4/87 (91)    AC: 15    Str: 26    XL:     10   Next: 54%
MP:   3/3           EV:  8    Int:  4    God:    Trog [****..]
Gold: 251           SH:  0    Dex: 10    Spells: 9/9 levels left

rFire   . . .      SeeInvis +   p - +9 hand axe "Nedugiar" {antimagic, Fly rN+ rCorr SInv}
rCold   . . .      Faith    .   (no shield)
rNeg    + . .      Spirit   .   b - +1 plate armour
rPois   .          Reflect  .   (helmet restricted)
rElec   .          Harm     .   f - +0 cloak
rCorr   +          Rampage  .   (no gloves)
Will    .....                   (no boots)
Stlth   ..........              (no amulet)
HPRegen 0.24/turn               (no ring)
MPRegen 0.08/turn               (no ring)

@: about to teleport, on berserk cooldown, flying, slowed, lightly drained, very
slow
A: horns 2, retaliatory headbutt
a: Renounce Religion, Berserk, Trog's Hand, Brothers in Arms


You were on level 9 of the Dungeon.
You worshipped Trog.
Trog was greatly pleased with you.
You visited 1 branch of the dungeon, and saw 9 of its levels.

You collected 459 gold pieces.
You spent 208 gold pieces at shops.


Innate Abilities, Weirdness & Mutations

You have a pair of horns on your head.
You reflexively headbutt those who attack you in melee.


   Skills:
 + Level 9.5 Fighting
 - Level 14.1 Axes
 - Level 4.3 Throwing
 - Level 8.0 Armour
 - Level 3.3 Dodging


You had 9 spell levels left.
You didn't know any spells.
Your spell library was empty.

Inventory:

Hand Weapons
 i - a +0 war axe
 j - a +0 morningstar
 p - the +9 hand axe "Nedugiar" (weapon) {antimagic, Fly rN+ rCorr SInv}
   (You bought it in a shop on level 7 of the Dungeon)

   It reduces the magical energy of the wielder, and disrupts the spells and
   magical abilities of those it strikes.
   Natural abilities and divine invocations are not affected.
   rN:        It protects you from negative energy.
   SInv:      It lets you see invisible.
   Fly:       It grants you flight.
   rCorr:     It protects you from acid and corrosion.
Missiles
 a - a silver javelin (quivered)
 g - 5 boomerangs
Armour
 b - a +1 plate armour (worn)
 f - a +0 cloak (worn)
Scrolls
 h - a scroll of teleportation
 l - a scroll of identify
Potions
 d - 4 potions of mutation
 e - 7 potions of curing
 k - a potion of haste
 o - a potion of might

Dungeon Overview and Level Annotations

Branches:
Dungeon (9/15)             Temple (0/1) D:6
   Lair: D:8-11         Orc: D:9-12

Altars:
Ashenzari
Kikubaaqudgha
Qazlal
Uskayaw
Zin
The Shining One
Lugonu

Shops:
D:7 (

Annotations:
D:8 2 transporters


Message History

The wight hits you with a +4 dagger. You partially resist.
You feel drained.
The wight hits you with a +0 long sword!
You partially resist.
You feel drained.
10830 ||| DRINKING potion of heal wounds.
You feel much better.
The wight hits you but does no damage. x2
The orc wizard hits you but does no damage.
The wight barely misses you.
You slash the orc wizard!
You kill the orc wizard!
Trog accepts your kill.
Trog appreciates your killing of a magic user.
You hit the wight. x2
You destroy the wight!
Trog accepts your kill. The wight hits you but does no damage.
You slash the wight! You headbutt the wight.
You destroy the wight!
Trog accepts your kill.
The wight hits you from afar with a +3 spear!
Your surroundings suddenly seem different.
A hornet comes into view.
The hornet buzzes angrily.
10834 ||| READING 2 scrolls of teleportation.
As you read the scroll of teleportation, it crumbles to dust.
You feel strangely unstable. The hornet completely misses you.
You slash the hornet! You headbutt the hornet!
The hornet is severely wounded.
The hornet stings you!
You feel as though you will be slow longer.
You hit the hornet.
The hornet is almost dead.
The hornet stings you.
You feel as though you will be slow longer.
The hornet stings you but does no damage.
You miss the hornet. Your headbutt misses the hornet.
The hornet is almost dead.
The hornet stings you.
You die...

#. .....
+.. #...#
#..##...#
......#
.....#
#...#
#...#
#..@#
#...y#
##...#
#...#
#...#
....#
###+##


You could see a hornet.

Vanquished Creatures
  A hornet (D:9)
  Grinder (D:3)
  7 yaks
  A wraith (D:9)
  2 steam dragons
  Menkaure (D:4)
  A black bear (D:6)
  3 ice beasts
  2 orc warriors
  A sky beast (D:6)
  2 centaurs
  A phantom (D:4)
  A kobold brigand (D:7)
  2 necrophages
  Blork the orc (D:4)
  2 bullfrogs
  4 scorpions
  24 wights
  4 killer bees (D:8)
  2 howler monkeys (D:9)
  5 orc priests
  3 hounds
  2 jellies
  2 iguanas
  6 orc wizards
  Robin (D:2)
  5 gnolls
  11 adders
  8 river rats (D:4)
  2 shadow imps (D:7)
  8 white imps
  7 ufetubi
  2 worms
  26 orcs
  4 ball pythons
  4 bats
  8 endoplasms
  A giant cockroach (D:1)
  12 goblins
  16 hobgoblins
  10 jackals
  5 quokkas
  4 frilled lizards
  11 kobolds
  18 rats
244 creatures vanquished.

Vanquished Creatures (others)
  An orc wizard (D:6)
  10 demonic plants (D:7)
11 creatures vanquished.

Grand Total: 255 creatures vanquished

Notes
Turn   | Place    | Note
-------+----------+-------------------------------------------
     0 | D:1      | qw the Minotaur Berserker began the quest for the Orb.
     0 | D:1      | Reached XP level 1. HP: 19/19 MP: 0/0
     0 | D:1      | 0 ||| qw: Version: 0.1-a-119-g272c26d
     0 | D:1      | 0 ||| qw: Game counter: 10965
     0 | D:1      | 0 ||| qw: Always use a shield: true
     0 | D:1      | 0 ||| qw: Do Orc after D:15 true
     0 | D:1      | 0 ||| qw: Do second Lair branch before Depths: true
     0 | D:1      | 0 ||| qw: Lair rune preference: random
     0 | D:1      | 0 ||| qw: Plans: Normal
     0 | D:1      | 0 ||| PLANNING D:1-11
   145 | D:1      | Reached skill level 4 in Axes
   152 | D:1      | Reached XP level 2. HP: 23/26 MP: 1/1
   615 | D:1      | 615 ||| INVOKING Berserk.
   619 | D:1      | Reached skill level 5 in Axes
   619 | D:1      | Reached XP level 3. HP: 31/31 MP: 2/2
   726 | D:1      | 726 ||| DROPPING +0 club.
  1159 | D:1      | 1159 ||| UPGRADING to +0 leather armour.
  1169 | D:1      | 1169 ||| DROPPING +0 animal skin.
  1170 | D:1      | 1170 ||| READING scroll labelled LODOTI ATUYSO.
  1171 | D:1      | 1171 ||| READING scroll labelled HALIOS CUSYKA.
  1172 | D:1      | 1172 ||| DRINKING 3 inky potions.
  1250 | D:2      | Found a faded altar of an unknown god.
  1284 | D:2      | 1284 ||| FLEEEEING.
  1286 | D:2      | 1286 ||| FLEEEEING.
  1289 | D:2      | 1289 ||| FLEEEEING.
  1291 | D:2      | 1291 ||| FLEEEEING.
  1292 | D:2      | 1292 ||| FLEEEEING.
  1293 | D:2      | 1293 ||| STAIRDANCE
  1324 | D:1      | 1324 ||| READING scroll labelled XIXKI BEATI.
  1341 | D:2      | 1341 ||| Stepping ~*~*~tactically~*~*~ (stealth).
  1379 | D:2      | 1379 ||| FLEEEEING.
  1380 | D:2      | 1380 ||| INVOKING Berserk.
  1598 | D:2      | Reached ** piety under Trog
  1637 | D:2      | Noticed Robin
  1643 | D:2      | 1643 ||| INVOKING Berserk.
  1653 | D:2      | Killed Robin
  1654 | D:2      | Reached skill level 6 in Axes
  1654 | D:2      | Reached XP level 4. HP: 21/39 MP: 3/3
  2282 | D:2      | 2282 ||| UPGRADING to +0 ring mail.
  2292 | D:2      | 2292 ||| DROPPING +0 leather armour.
  2293 | D:2      | 2293 ||| UPGRADING to +0 scale mail.
  2303 | D:2      | 2303 ||| DROPPING +0 ring mail.
  2304 | D:2      | 2304 ||| READING scroll labelled NEEQUS YPLIS.
  2305 | D:2      | 2305 ||| READING scroll labelled OPAMASTEGOU.
  2306 | D:2      | 2306 ||| READING scroll labelled ODOYBE SIRIT.
  2307 | D:2      | 2307 ||| READING scroll labelled TOUQOI SASM.
  2373 | D:3      | Noticed Grinder
  2374 | D:3      | 2374 ||| INVOKING Trog's Hand.
  2376 | D:3      | 2376 ||| INVOKING Berserk.
  2384 | D:3      | Killed Grinder
  2385 | D:3      | Reached skill level 8 in Axes
  2385 | D:3      | Reached XP level 5. HP: 42/45 MP: 4/4
  2385 | D:3      | Reached XP level 6. HP: 48/51 MP: 5/5
  2669 | D:3      | 2669 ||| INVOKING Berserk.
  2673 | D:3      | Reached skill level 1 in Throwing
  2815 | D:3      | 2815 ||| DROPPING +0 whip.
  2949 | D:3      | 2949 ||| Stepping ~*~*~tactically~*~*~ (hiding).
  2950 | D:3      | 2950 ||| Stepping ~*~*~tactically~*~*~ (stealth).
  2951 | D:3      | 2951 ||| Stepping ~*~*~tactically~*~*~ (hiding).
  3259 | D:3      | 3259 ||| UPGRADING to +0 chain mail.
  3269 | D:3      | 3269 ||| DROPPING +0 scale mail.
  3270 | D:3      | 3270 ||| READING 3 scrolls labelled TOKASE JERAUFRUI.
  3271 | D:3      | 3271 ||| READING 4 scrolls of identify.
  3271 | D:3      | 3271 ||| IDENTIFYING fizzy amethyst potion
  3272 | D:3      | 3272 ||| READING 3 scrolls of identify.
  3272 | D:3      | 3272 ||| IDENTIFYING white potion
  3273 | D:3      | 3273 ||| READING 2 scrolls of identify.
  3273 | D:3      | 3273 ||| IDENTIFYING puce potion
  3274 | D:3      | 3274 ||| DROPPING 2 scrolls of summoning.
  3275 | D:3      | 3275 ||| DROPPING potion of flight.
  3276 | D:3      | 3276 ||| DROPPING potion of lignification.
  3324 | D:4      | Noticed Menkaure
  3328 | D:4      | 3328 ||| INVOKING Berserk.
  3330 | D:4      | Killed Menkaure
  3331 | D:4      | Reached skill level 9 in Axes
  3381 | D:4      | Reached XP level 7. HP: 50/60 MP: 6/6
  3566 | D:4      | Noticed Blork the orc
  3567 | D:4      | 3567 ||| Stepping ~*~*~tactically~*~*~ (hiding).
  3570 | D:4      | 3570 ||| INVOKING Berserk.
  3574 | D:4      | Killed Blork the orc
  3575 | D:4      | Reached skill level 3 in Armour
  3758 | D:4      | 3758 ||| INVOKING Berserk.
  3978 | D:4      | 3978 ||| INVOKING Berserk.
  3984 | D:4      | Reached *** piety under Trog
  4322 | D:4      | Reached skill level 10 in Axes
  4504 | D:4      | 4504 ||| INVOKING Berserk.
  4735 | D:4      | 4735 ||| READING scroll labelled UVUK ROMMUDGH.
  4736 | D:4      | 4736 ||| DRINKING 2 fizzy silvery potions.
  4737 | D:4      | 4737 ||| READING 3 scrolls of identify.
  4737 | D:4      | 4737 ||| IDENTIFYING red potion
  4738 | D:4      | 4738 ||| READING 2 scrolls of identify.
  4738 | D:4      | 4738 ||| IDENTIFYING pink potion
  4739 | D:4      | 4739 ||| DROPPING potion of brilliance.
  4762 | D:5      | Entered Level 5 of the Dungeon
  4767 | D:5      | 4767 ||| STAIRDANCE
  4850 | D:5      | Reached skill level 6 in Fighting
  4856 | D:5      | Reached XP level 8. HP: 70/70 MP: 7/7
  5293 | D:5      | Found an ancient bone altar of Kikubaaqudgha.
  5416 | D:5      | Found a glowing golden altar of the Shining One.
  5441 | D:5      | Found a stormy altar of Qazlal.
  5447 | D:5      | Found a glowing silver altar of Zin.
  5499 | D:5      | 5499 ||| READING 2 scrolls of identify.
  5499 | D:5      | 5499 ||| IDENTIFYING coppery potion
  5500 | D:5      | 5500 ||| DROPPING potion of degeneration.
  5660 | D:6      | 5660 ||| INVOKING Berserk.
  5665 | D:6      | Reached skill level 11 in Axes
  5666 | D:6      | Reached skill level 3 in Throwing
  5815 | D:6      | 5815 ||| INVOKING Berserk.
  5977 | D:6      | 5977 ||| Stepping ~*~*~tactically~*~*~ (stealth).
  5979 | D:6      | 5979 ||| INVOKING Berserk.
  5993 | D:6      | Reached skill level 12 in Axes
  6188 | D:6      | 6188 ||| Stepping ~*~*~tactically~*~*~ (stealth).
  6266 | D:6      | Found a staircase to the Ecumenical Temple.
  6281 | D:6      | 6281 ||| Stepping ~*~*~tactically~*~*~ (stealth).
  6282 | D:6      | 6282 ||| Stepping ~*~*~tactically~*~*~ (stealth).
  6293 | D:6      | Reached XP level 9. HP: 78/78 MP: 8/8
  6301 | D:6      | HP: 17/69 [wight/+4 great sword (16)]
  6302 | D:6      | 6302 ||| READING 3 scrolls of teleportation.
  6302 | D:6      | HP: 8/67 [wight/+4 dagger (7)]
  6303 | D:6      | 6303 ||| DRINKING potion of heal wounds.
  6304 | D:6      | 6304 ||| INVOKING Berserk.
  6590 | D:6      | 6590 ||| DROPPING +0 flail.
  6690 | D:6      | 6690 ||| INVOKING Berserk.
  6692 | D:6      | HP: 23/106 [wight/+2 short sword of freezing (6)]
  6965 | D:6      | 6965 ||| SWAPPING to +2 hand axe.
  6966 | D:6      | 6966 ||| DROPPING +0 hand axe.
  7313 | D:6      | 7313 ||| UPGRADING to +0 plate armour.
  7323 | D:6      | 7323 ||| DROPPING +0 chain mail.
  7324 | D:6      | 7324 ||| DROPPING orb of wrath.
  7325 | D:6      | 7325 ||| READING scroll of enchant armour.
  7325 | D:6      | 7325 ||| ENCHANTING +0 plate armour.
  7326 | D:6      | 7326 ||| READING 2 scrolls of identify.
  7326 | D:6      | 7326 ||| IDENTIFYING fizzy orange potion
  7327 | D:6      | 7327 ||| DROPPING potion of attraction.
  7360 | D:7      | Found a hide-covered altar of Uskayaw.
  7402 | D:7      | Found a broken altar of Ashenzari.
  7485 | D:7      | 7485 ||| Stepping ~*~*~tactically~*~*~ (hiding).
  7836 | D:7      | Reached **** piety under Trog
  7855 | D:7      | Reached skill level 13 in Axes
  8209 | D:7      | 8209 ||| INVOKING Berserk.
  8216 | D:7      | Reached skill level 6 in Armour
  8484 | D:7      | 8484 ||| Stepping ~*~*~tactically~*~*~ (stealth).
  8485 | D:7      | 8485 ||| Stepping ~*~*~tactically~*~*~ (hiding).
  8486 | D:7      | 8486 ||| Stepping ~*~*~tactically~*~*~ (hiding).
  8491 | D:7      | 8491 ||| INVOKING Berserk.
  8683 | D:7      | Found Ezijilets's Antique Weapon Boutique.
  8693 | D:7      | 8693 ||| BUYING faintly glowing hand axe (208 gold).
  8693 | D:7      | Bought a faintly glowing hand axe for 208 gold pieces
  8693 | D:7      | Identified the +9 hand axe "Nedugiar" {antimagic, Fly rN+
                  | rCorr SInv} (You bought it in a shop on level 7 of the
                  | Dungeon)
  8693 | D:7      | 8693 ||| SWAPPING to +9 hand axe "Nedugiar" {antimagic, Fly
                  | rN+ rCorr SInv}.
  8694 | D:7      | 8694 ||| DROPPING +2 hand axe.
  8936 | D:7      | 8936 ||| INVOKING Berserk.
  8954 | D:7      | 8954 ||| Stepping ~*~*~tactically~*~*~ (hiding).
  8962 | D:7      | 8962 ||| Stepping ~*~*~tactically~*~*~ (stealth).
  8975 | D:7      | 8975 ||| Stepping ~*~*~tactically~*~*~ (stealth).
  9046 | D:7      | 9046 ||| UPGRADING to +0 cloak.
  9051 | D:7      | 9051 ||| READING scroll labelled TUIPIU YWOMI.
  9052 | D:7      | 9052 ||| READING 2 scrolls of identify.
  9052 | D:7      | 9052 ||| IDENTIFYING brown potion
  9113 | D:8      | 9113 ||| STAIRDANCE
  9193 | D:8      | 9193 ||| STAIRDANCE
  9323 | D:8      | 9323 ||| Stepping ~*~*~tactically~*~*~ (hiding).
  9327 | D:8      | 9327 ||| INVOKING Berserk.
  9332 | D:8      | Reached skill level 14 in Axes
  9332 | D:8      | Reached XP level 10. HP: 89/89 MP: 3/9
  9611 | D:8      | 9611 ||| Stepping ~*~*~tactically~*~*~ (stealth).
  9614 | D:8      | 9614 ||| INVOKING Berserk.
  9692 | D:8      | Found a transporter.
  9692 | D:8      | Noticed a cyan ugly thing
  9693 | D:8      | Found a corrupted altar of Lugonu.
 10105 | D:8      | 10105 ||| Stepping ~*~*~tactically~*~*~ (stealth).
 10107 | D:8      | 10107 ||| Stepping ~*~*~tactically~*~*~ (hiding).
 10117 | D:8      | 10117 ||| Stepping ~*~*~tactically~*~*~ (hiding).
 10235 | D:8      | Noticed a white ugly thing
 10236 | D:8      | Found a transporter.
 10238 | D:8      | Noticed a purple ugly thing
 10296 | D:8      | Reached skill level 9 in Fighting
 10303 | D:8      | 10303 ||| FLEEEEING.
 10305 | D:8      | 10305 ||| FLEEEEING.
 10439 | D:8      | 10439 ||| READING scroll labelled NISA TEYPNUU.
 10440 | D:8      | 10440 ||| READING 2 scrolls of identify.
 10440 | D:8      | 10440 ||| IDENTIFYING emerald potion
 10441 | D:8      | 10441 ||| DROPPING potion of ambrosia.
 10442 | D:8      | 10442 ||| READING 4 scrolls of teleportation.
 10539 | D:9      | Reached skill level 3 in Dodging
 10788 | D:9      | 10788 ||| Stepping ~*~*~tactically~*~*~ (hiding).
 10789 | D:9      | 10789 ||| Stepping ~*~*~tactically~*~*~ (hiding).
 10808 | D:9      | 10808 ||| INVOKING Berserk.
 10828 | D:9      | HP: 22/90 [wight/+0 long sword (8)]
 10829 | D:9      | 10829 ||| READING 3 scrolls of teleportation.
 10829 | D:9      | HP: 3/88 [wight/+0 long sword (10)]
 10830 | D:9      | 10830 ||| DRINKING potion of heal wounds.
 10834 | D:9      | 10834 ||| READING 2 scrolls of teleportation.
 10835 | D:9      | HP: 5/87 [hornet (11)]
 10836 | D:9      | HP: 2/87 [hornet (3)]
 10837 | D:9      | Slain by a hornet

Levels and vault maps discovered:
D:1:      dpeg_arrival_ternary, layout_basic, nicolae_figureground_sparkle
D:2:      layout_loops_ring, basic_ecumenical_altar, kennysheep_generic_room_15,
          uniq_robin
D:3:      layout_basic, hangedman_decor_clover_reticule,
          minmay_misc_feat_plants, st_stairs_11, minmay_misc_feat_room,
          minmay_quadrilaterals, uniq_grinder
D:4:      layout_loops_ring, dk_rats_in_the_wall, uniq_blork_the_orc,
          uniq_menkaure
D:5:      layout_cave_pools, minitemple, kennysheep_mini,
          kiku_gazebo_garden_becter
D:6:      layout_basic, minmay_temple_entry_poolview
D:7:      layout_loops_corners, nicolae_uskayaw_murder_on_the_dancefloor,
          ashenzari_conservatory_becter, serial_shops, nicolae_lakefront_shop,
          serial_demonic, serial_demonic_g, serial_demonic_e, serial_demonic_d,
          serial_demonic_e, serial_demonic_c
D:8:      gammafunk_corrupted_shrine, layout_loops_ring
D:9:      layout_stronghold, slow_altar_2, orc_0_dummy,
          ebering_ghost_inner_flame, small_chamber_with_monster

Skill      XL: |  1  2  3  4  5  6  7  8  9 10 |
---------------+-------------------------------+-----
Axes           | 4 5 6 8 9 10 12 14 | 14.1
Throwing       | 1 3 4 |  4.3
Fighting       | 4 6 8 9 |  9.5
Armour         | 3 4 6 8 |  8.0
Dodging        | 3 |  3.3

Action                   |  1- 3 |  4- 6 |  7- 9 | 10-12 || total
-------------------------+-------+-------+-------+-------++-------
Melee: Hand axe          |    84 |    58 |   314 |    89 ||   545
       Headbutt          |    10 |    10 |    63 |    21 ||   104
       Punch             |       |     2 |     2 |     1 ||     5
Throw: Boomerang         |    10 |    15 |    13 |     1 ||    39
       Javelin           |       |    15 |    33 |    17 ||    65
Invok: Berserk           |     3 |     3 |    13 |     2 ||    21
       Trog's Hand       |       |     1 |       |       ||     1
  Use: Scroll            |     3 |     8 |     9 |     5 ||    25
       Potion            |     1 |       |     2 |     1 ||     4
Armor: Animal skin       |     9 |       |       |       ||     9
       Leather armour    |     1 |     2 |       |       ||     3
       Scale mail        |       |    10 |       |       ||    10
       Chain mail        |       |       |    67 |       ||    67
       Plate armour      |       |       |    31 |    37 ||    68
Dodge: Dodged            |    51 |    19 |    90 |    24 ||   184

Table legend:
 A = Non-vault XP
 B = Vault XP
 C = Vault XP percentage of total XP
 D = Non-vault monster count
 E = Vault monster count
 F = Vault count percentage of total count
                 A         B        C        D         E       F
            +---------+---------+-------+---------+---------+-------
      Total |    7620 |     850 |  10.0 |     192 |      53 |  21.6
            +---------+---------+-------+---------+---------+-------
        D:1 |      52 |       0 |   0.0 |      23 |       0 |   0.0
        D:2 |      43 |      32 |  42.7 |      23 |       9 |  28.1
        D:3 |     100 |     328 |  76.6 |      19 |       9 |  32.1
        D:4 |     379 |     375 |  49.7 |      16 |      23 |  59.0
        D:5 |     491 |       0 |   0.0 |      13 |       0 |   0.0
        D:6 |    1634 |       0 |   0.0 |      31 |       0 |   0.0
        D:7 |    1546 |     115 |   6.9 |      27 |      12 |  30.8
        D:8 |    2273 |       0 |   0.0 |      28 |       0 |   0.0
        D:9 |    1102 |       0 |   0.0 |      12 |       0 |   0.0
            +---------+---------+-------+---------+---------+-------
